[Event "Kragero Resort International 2022"]
[Site "Kragero"]
[Date "2022.02.23"]
[Round "1.1"]
[White "Omtvedt, Per"]
[Black "Omarsson, Adam"]
[Result "0-1"]
[ECO "E94"]
[WhiteElo "1829"]
[BlackElo "1546"]
[Annotator "NA RC"]
[PlyCount "100"]
[EventDate "2022.02.23"]
[EventType "swiss"]
[EventCountry "NOR"]
[SourceTitle "playchess.com"]
[Source "ChessBase"]
[SourceQuality "1"]
[TimeControl "5400+30"]

1. e4 g6 2. d4 Bg7 3. c4 d6 4. Nc3 Nf6 5. Nf3 O-O 6. Be2 e5 7. O-O exd4 8. Nxd4 Re8 9. f3 a6 10. Be3 c5 11. Nc2 Nc6 12. Qd2 Be6 13. Rad1 Qb6 14. b3 Rad8 15. Bg5 Qa5 16. Nd5 Qxd2 17. Rxd2 Bxd5 18. cxd5 Ne5 19. a4 h6 20. Bh4 Rb8 21. Na3 Rec8 22. Rb1 g5 23. Bg3 Nh5 24. Nc4 Nxg3 25. hxg3 Nxc4 26. bxc4 Re8 27. g4 Bd4+ 28. Kf1 Kg7 29. Rd3 Rh8 30. g3 h5 31. Kg2 hxg4 32. fxg4 Rh6 33. Rh1 Rxh1 34. Kxh1 b5 35. cxb5 axb5 36. Rb3 Rh8+ 37. Kg2 bxa4 38. Ra3 Ra8 39. Bb5 Rb8 40. Bxa4 Rb2+ 41. Kf1 c4 42. Ke1 c3 43. Kd1 Rd2+ 44. Kc1 Kf6 45. Bc2 Rg2 46. Ra4 Ke5 47. Rc4 Rg1+ 48. Bd1 Kxe4 49. Rc7 Kd3 50. Rxf7 Be3+ 0-1

[Event "Kragero Resort International 2022"]
[Site "Kragero"]
[Date "2022.02.23"]
[Round "1.2"]
[White "Lien, Sebastian"]
[Black "Madsen, Morten L"]
[Result "1-0"]
[ECO "A57"]
[WhiteElo "1532"]
[BlackElo "1828"]
[Annotator "NA RC"]
[PlyCount "57"]
[EventDate "2022.02.23"]
[EventType "swiss"]
[EventCountry "NOR"]
[SourceTitle "playchess.com"]
[Source "ChessBase"]
[SourceQuality "1"]
[TimeControl "5400+30"]

1. d4 Nf6 2. c4 c5 3. d5 b5 4. cxb5 a6 5. e3 d6 6. Nc3 g6 7. Nf3 Bg7 8. Be2 O-O 9. O-O Nbd7 10. Bd2 Nb6 11. e4 Re8 12. a4 axb5 13. Bxb5 Bd7 14. Bxd7 Qxd7 15. Re1 Reb8 16. b3 Ng4 17. Rb1 c4 18. h3 Ne5 19. Nxe5 Bxe5 20. bxc4 Nxc4 21. Rxb8+ Rxb8 22. Nb5 Nb2 23. Qb3 Nxa4 24. Qxa4 Rxb5 25. Bh6 Qb7 26. Rc1 Bf4 27. Qxb5 Bxh6 28. Qxb7 Bxc1 29. Qc8+ 1-0

[Event "Kragero Resort International 2022"]
[Site "Kragero"]
[Date "2022.02.23"]
[Round "1.3"]
[White "Engeset, Audun"]
[Black "Haubrick, Sidney Junior Barret"]
[Result "1-0"]
[ECO "B12"]
[WhiteElo "1823"]
[BlackElo "1479"]
[Annotator "NA RC"]
[PlyCount "73"]
[EventDate "2022.02.23"]
[EventType "swiss"]
[EventCountry "NOR"]
[SourceTitle "playchess.com"]
[Source "ChessBase"]
[SourceQuality "1"]
[TimeControl "5400+30"]

1. e4 c6 2. d4 d5 3. e5 c5 4. dxc5 Nc6 5. Nf3 Bg4 6. Be2 e6 7. Bf4 Bxc5 8. Nbd2 Nge7 9. O-O O-O 10. h3 Bxf3 11. Nxf3 Ng6 12. Qd2 Qc7 13. Rae1 Ncxe5 14. Nxe5 Nxf4 15. Qxf4 Bd6 16. Bd3 f6 17. Qh4 g5 18. Qg4 Bxe5 19. Qxe6+ Qf7 20. Qg4 b6 21. Bf5 Rfe8 22. c3 Qc7 23. Be6+ Kh8 24. Bxd5 Rad8 25. Rd1 Re7 26. Be6 Rd6 27. Bf5 Qd8 28. Rxd6 Qxd6 29. Rd1 Qc7 30. a4 a5 31. Qh5 Bh2+ 32. Kh1 Bf4 33. Qh6 Kg8 34. Qxf6 Bd2 35. Be6+ Rf7 36. Bxf7+ Qxf7 37. Qxf7+ 1-0

[Event "Kragero Resort International 2022"]
[Site "Kragero"]
[Date "2022.02.23"]
[Round "1.4"]
[White "Eriksen, Leander"]
[Black "Amundsen, Ask"]
[Result "1-0"]
[ECO "B40"]
[WhiteElo "1476"]
[BlackElo "1819"]
[Annotator "NA RC"]
[PlyCount "57"]
[EventDate "2022.02.23"]
[EventType "swiss"]
[EventCountry "NOR"]
[SourceTitle "playchess.com"]
[Source "ChessBase"]
[SourceQuality "1"]
[TimeControl "5400+30"]

1. e4 c5 2. Nf3 e6 3. d3 a6 4. g3 b5 5. Bg2 Bb7 6. O-O Nf6 7. Re1 Be7 8. h4 d5 9. e5 Nfd7 10. c3 Nc6 11. Bf4 c4 12. d4 b4 13. Ng5 h6 14. Nxe6 fxe6 15. Qh5+ Kf8 16. Qg6 Qe8 17. Qxe6 Nd8 18. Qf5+ Kg8 19. h5 Nf8 20. e6 Qc6 21. Re5 Qc8 22. Nd2 bxc3 23. bxc3 Nfxe6 24. Rae1 Nxf4 25. Qxf4 Bg5 26. Re8+ Kh7 27. Rxh8+ Kxh8 28. Qf8+ Kh7 29. Re8 1-0

[Event "Kragero Resort International 2022"]
[Site "Kragero"]
[Date "2022.02.23"]
[Round "1.5"]
[White "Lye, Sigurd"]
[Black "Den Roover, Nikolay"]
[Result "1-0"]
[ECO "B11"]
[WhiteElo "1810"]
[BlackElo "1471"]
[Annotator "NA RC"]
[PlyCount "49"]
[EventDate "2022.02.23"]
[EventType "swiss"]
[EventCountry "NOR"]
[SourceTitle "playchess.com"]
[Source "ChessBase"]
[SourceQuality "1"]
[TimeControl "5400+30"]

1. e4 c6 2. Nc3 d5 3. Nf3 dxe4 4. Nxe4 Nf6 5. Qe2 Nxe4 6. Qxe4 Qd5 7. Qf4 Qd6 8. Qxd6 exd6 9. b3 Be7 10. Bb2 O-O 11. O-O-O Be6 12. Re1 Re8 13. Nd4 Bf6 14. g3 Nd7 15. Nxe6 Bxb2+ 16. Kxb2 fxe6 17. Bh3 Nf6 18. Bxe6+ Kf8 19. f4 Re7 20. f5 Rae8 21. h3 Nh5 22. Rhg1 g6 23. Ref1 Kg7 24. g4 Nf6 25. g5 1-0

[Event "Kragero Resort International 2022"]
[Site "Kragero"]
[Date "2022.02.23"]
[Round "1.6"]
[White "Shadrina, Eva"]
[Black "Haug, Havard"]
[Result "0-1"]
[ECO "B76"]
[WhiteElo "1466"]
[BlackElo "1801"]
[Annotator "NA RC"]
[PlyCount "50"]
[EventDate "2022.02.23"]
[EventType "swiss"]
[EventCountry "NOR"]
[SourceTitle "playchess.com"]
[Source "ChessBase"]
[SourceQuality "1"]
[TimeControl "5400+30"]

1. e4 c5 2. Nf3 d6 3. d4 cxd4 4. Nxd4 Nf6 5. Nc3 g6 6. f3 Bg7 7. Be3 O-O 8. Qd2 Nc6 9. O-O-O d5 10. Nxc6 bxc6 11. exd5 cxd5 12. Nxd5 Nxd5 13. Qxd5 Qc7 14. Qc4 Qe5 15. Bd4 Qf4+ 16. Kb1 Be6 17. Qa4 Rfd8 18. c3 Bf5+ 19. Ka1 e5 20. g3 Qxf3 21. Rg1 exd4 22. Bg2 dxc3 23. Rxd8+ Rxd8 24. a3 cxb2+ 25. Ka2 Qxg2 0-1

[Event "Kragero Resort International 2022"]
[Site "Kragero"]
[Date "2022.02.23"]
[Round "1.7"]
[White "Jonsson, Kristjan Dagur"]
[Black "Johannessen, Simon T"]
[Result "1-0"]
[ECO "D06"]
[WhiteElo "1797"]
[BlackElo "1453"]
[Annotator "NA RC"]
[PlyCount "49"]
[EventDate "2022.02.23"]
[EventType "swiss"]
[EventCountry "NOR"]
[SourceTitle "playchess.com"]
[Source "ChessBase"]
[SourceQuality "1"]
[TimeControl "5400+30"]

1. d4 Nf6 2. c4 d5 3. Nc3 Bf5 4. Nf3 e6 5. Qb3 b6 6. cxd5 Nxd5 7. e4 Nxc3 8. exf5 Nd5 9. Bc4 c6 10. fxe6 fxe6 11. O-O b5 12. Bd3 Bd6 13. Bg5 Be7 14. Bxe7 Qxe7 15. Rfe1 O-O 16. Be4 Qd8 17. Qc2 Kh8 18. Ne5 Ne7 19. Bxh7 Nd7 20. Rad1 Rc8 21. Re3 c5 22. Rh3 Nf6 23. Bg6+ Kg8 24. Bf7+ Rxf7 25. Rh8+ 1-0

[Event "Kragero Resort International 2022"]
[Site "Kragero"]
[Date "2022.02.23"]
[Round "1.8"]
[White "Lie, Bjorn"]
[Black "Thorisson, Benedikt"]
[Result "1/2-1/2"]
[ECO "D87"]
[WhiteElo "1451"]
[BlackElo "1790"]
[Annotator "NA RC"]
[PlyCount "76"]
[EventDate "2022.02.23"]
[EventType "swiss"]
[EventCountry "NOR"]
[SourceTitle "playchess.com"]
[Source "ChessBase"]
[SourceQuality "1"]
[TimeControl "5400+30"]

1. d4 Nf6 2. c4 g6 3. Nc3 d5 4. cxd5 Nxd5 5. e4 Nxc3 6. bxc3 Bg7 7. Bc4 c5 8. Ne2 O-O 9. O-O Nc6 10. Be3 Bg4 11. f3 Bd7 12. Qd2 Qc7 13. Rac1 Rfd8 14. Rfd1 Rac8 15. a4 Na5 16. Ba2 Bxa4 17. Re1 Bb3 18. Qb2 c4 19. Ra1 b5 20. Nc1 Bxa2 21. Qxa2 Nc6 22. Ne2 Ra8 23. Qa6 Rdb8 24. d5 Ne5 25. Reb1 Nd3 26. Rxb5 Rxb5 27. Qxb5 Rb8 28. Qa6 Be5 29. g3 Rb2 30. Kf1 Qd7 31. Ng1 Bxc3 32. Qxc4 Qb5 33. Qxb5 Rxb5 34. Rxa7 Rb1+ 35. Kg2 Rb2+ 36. Kf1 Rb1+ 37. Kg2 Rb2+ 38. Kf1 Rb1+ 1/2-1/2

[Event "Kragero Resort International 2022"]
[Site "Kragero"]
[Date "2022.02.23"]
[Round "1.23"]
[White "Bogdanov, Artyom"]
[Black "Reimanis, Ritvars"]
[Result "1/2-1/2"]
[ECO "C65"]
[WhiteElo "2039"]
[BlackElo "2397"]
[Annotator "NA RC"]
[PlyCount "35"]
[EventDate "2022.02.23"]
[EventType "swiss"]
[EventCountry "NOR"]
[SourceTitle "playchess.com"]
[Source "ChessBase"]
[SourceQuality "1"]
[TimeControl "5400+30"]

1. e4 e5 2. Nf3 Nc6 3. Bb5 Nf6 4. d3 Bc5 5. Bxc6 dxc6 6. O-O Nd7 7. Nbd2 a5 8. a4 O-O 9. Nb3 Bb6 10. Bd2 c5 $16 (10... Re8 $1 $11 {should be considered.}) 11. Qe1 c6 12. Be3 f5 13. exf5 Rxf5 14. Nfd2 Bc7 15. Nxc5 Nxc5 16. Bxc5 Rh5 17. Qe4 Be6 18. h3 1/2-1/2

[Event "Kragero Resort International 2022"]
[Site "Kragero"]
[Date "2022.02.23"]
[Round "2.1"]
[White "Kveim, Ingvar Torjesen"]
[Black "Engeset, Audun"]
[Result "0-1"]
[ECO "B31"]
[WhiteElo "1647"]
[BlackElo "1823"]
[Annotator "NA RC"]
[PlyCount "98"]
[EventDate "2022.02.23"]
[EventType "swiss"]
[EventCountry "NOR"]
[SourceTitle "playchess.com"]
[Source "ChessBase"]
[SourceQuality "1"]
[TimeControl "5400+30"]

1. e4 c5 2. Nf3 Nc6 3. Bb5 g6 4. c3 Bg7 5. O-O Nf6 6. Re1 O-O 7. d4 d5 8. e5 Ne4 9. Bd3 {[%emt 0:10:33] 9.Be3 is the modern continuation.} cxd4 10. cxd4 Qb6 11. Bxe4 dxe4 12. Rxe4 {[%emt 0:00:02] [#]} Rd8 $146 ({Predecessor:} 12... Bf5 13. Re2 Rfd8 14. d5 Bg4 15. Bf4 Bxf3 16. gxf3 Qd4 17. Qc1 Qxd5 18. Nc3 Qxf3 {0-1 (25) Nagataki,K (1845)-Matsuda,R (2095) Tokyo 2020}) 13. Nc3 Bf5 14. Na4 Qc7 15. Re1 Nxe5 16. Bf4 Nxf3+ 17. Qxf3 Qd7 18. Nc3 Bxd4 19. Be5 Bxe5 20. Rxe5 Be6 21. h3 Qc6 22. Qe3 Qb6 23. Qe2 Rd4 24. a3 Rad8 25. Rd1 Bc4 26. Qe1 e6 27. Rxd4 Qxd4 28. Re4 Qd3 29. Qc1 f5 30. Rh4 Bd5 31. Qg5 Bc6 32. Qf6 (32. Rxh7 $11 {remains equal.} Kxh7 33. Qe7+ Kg8 34. Qxe6+ Kh8 35. Qf6+ Kh7 36. Qe7+ Kg8 37. Qe6+ Kh8 38. Qf6+ Kh7 39. Qe7+ Kg8 40. Qe6+) 32... Qd6 33. b4 e5 34. Qg5 Rf8 35. b5 Bd7 36. Qh6 Rf7 37. Qe3 e4 38. Qxa7 Qf6 39. g3 Qxc3 40. Qxb7 Qxa3 41. Qd5 Qb4 42. Qa8+ Kg7 43. Qd5 Qb1+ 44. Kh2 h5 45. Qe5+ Kh7 46. Qd5 Rg7 47. Qd2 Qxb5 48. Qg5 Qe2 49. Rf4 e3 0-1

[Event "Kragero Resort International 2022"]
[Site "Kragero"]
[Date "2022.02.23"]
[Round "2.2"]
[White "Skaar, Ben Samuel Groth"]
[Black "Lye, Sigurd"]
[Result "1/2-1/2"]
[ECO "D38"]
[WhiteElo "1641"]
[BlackElo "1810"]
[Annotator "NA RC"]
[PlyCount "53"]
[EventDate "2022.02.23"]
[EventType "swiss"]
[EventCountry "NOR"]
[SourceTitle "playchess.com"]
[Source "ChessBase"]
[SourceQuality "1"]
[TimeControl "5400+30"]

1. d4 Nf6 2. c4 e6 3. Nf3 d5 4. Nc3 Bb4 5. Bg5 h6 6. Bxf6 Qxf6 7. e3 O-O 8. Bd3 dxc4 9. Bxc4 c5 10. O-O cxd4 11. exd4 Bxc3 12. bxc3 Nd7 13. Re1 Rb8 14. a4 b6 15. Bb5 a6 16. Bc6 Rd8 17. Qe2 Qf4 18. Bxd7 Rxd7 19. Reb1 Qd6 20. Qe5 Qxe5 21. Nxe5 Rc7 22. Ra3 Bd7 23. Kf1 f6 24. Nd3 Rbb7 25. Nb4 Ra7 26. Nd3 Rab7 27. Nb4 1/2-1/2

[Event "Kragero Resort International 2022"]
[Site "Kragero"]
[Date "2022.02.23"]
[Round "2.3"]
[White "Haug, Havard"]
[Black "Nordquelle, Pal"]
[Result "1-0"]
[ECO "B22"]
[WhiteElo "1801"]
[BlackElo "1622"]
[Annotator "NA RC"]
[PlyCount "33"]
[EventDate "2022.02.23"]
[EventType "swiss"]
[EventCountry "NOR"]
[SourceTitle "playchess.com"]
[Source "ChessBase"]
[SourceQuality "1"]
[TimeControl "5400+30"]

1. e4 c5 2. c3 Nf6 3. e5 Nd5 4. d4 cxd4 5. Nf3 e6 6. cxd4 Nc6 7. Nc3 Bb4 8. Bd2 Nxc3 9. bxc3 Ba5 10. Bd3 O-O 11. Bxh7+ Kh8 12. Bd3 f5 13. exf6 Qxf6 14. O-O d5 15. Ne5 Nxe5 16. Qh5+ Kg8 17. Bg6 1-0

[Event "Kragero Resort International 2022"]
[Site "Kragero"]
[Date "2022.02.23"]
[Round "2.4"]
[White "Heitun, Odd Gunnar"]
[Black "Jonsson, Kristjan Dagur"]
[Result "0-1"]
[ECO "D02"]
[WhiteElo "1616"]
[BlackElo "1797"]
[Annotator "NA RC"]
[PlyCount "96"]
[EventDate "2022.02.23"]
[EventType "swiss"]
[EventCountry "NOR"]
[SourceTitle "playchess.com"]
[Source "ChessBase"]
[SourceQuality "1"]
[TimeControl "5400+30"]

1. d4 d5 2. c4 e6 3. Nc3 Be7 4. Nf3 Nf6 5. h3 O-O 6. Bf4 c6 7. cxd5 exd5 8. e3 Bf5 9. Be2 Nbd7 10. O-O Re8 11. Rc1 Ne4 12. Nxe4 dxe4 13. Nd2 Nf6 14. a3 Nd5 15. Bh2 Bg5 16. Qb3 Qe7 17. Bc4 Be6 18. Nxe4 b5 19. Bd3 Nxe3 20. Qc3 Nxf1 21. Rxf1 Bd5 22. Nc5 Rad8 23. Bg3 Bf6 24. Rd1 g6 25. Bf1 h5 26. b4 Ra8 27. Na6 Rac8 28. Nc5 Bg7 29. Na6 h4 30. Bh2 Qb7 31. Nc5 Qe7 32. Na6 Qd8 33. Nc5 Bf8 34. Be5 f6 35. Bh2 Bxc5 36. dxc5 Kg7 37. Bd6 a5 38. Bxb5 Re6 39. Bf1 a4 40. Bf4 Qe8 41. Qc1 Bb3 42. Rd4 Re1 43. Qc3 Qe2 44. Rd7+ Kg8 45. Qd3 Rxf1+ 46. Kh2 Qxd3 47. Rxd3 Rxf2 48. Rd7 Rxf4 0-1

[Event "Kragero Resort International 2022"]
[Site "Kragero"]
[Date "2022.02.23"]
[Round "2.5"]
[White "Bjarnason, Snorri Vikanes"]
[Black "Hammari, Vinjar"]
[Result "1-0"]
[ECO "C02"]
[WhiteElo "1606"]
[BlackElo "1775"]
[Annotator "NA RC"]
[PlyCount "89"]
[EventDate "2022.02.23"]
[EventType "swiss"]
[EventCountry "NOR"]
[SourceTitle "playchess.com"]
[Source "ChessBase"]
[SourceQuality "1"]
[TimeControl "5400+30"]

1. e4 e6 2. d4 d5 3. e5 c5 4. c3 Qb6 5. Nf3 Nc6 6. Be2 cxd4 7. cxd4 Nh6 8. Bxh6 Qxb2 9. Nbd2 gxh6 10. O-O Bg7 11. Qa4 Qb4 12. Qc2 Nxd4 13. Nxd4 Qxd4 14. Bb5+ Bd7 15. Nf3 Qb6 16. Bxd7+ Kxd7 17. Rab1 Qc7 18. Qa4+ Ke7 19. Rfc1 Qb8 20. Qb4+ Kd8 21. Qxb7 Qxb7 22. Rxb7 Rc8 23. Rxc8+ Kxc8 24. Rxf7 Bf8 25. Rxa7 Kb8 26. Rf7 Bb4 27. g3 Rd8 28. Nd4 Rc8 29. Rxh7 Bc3 30. Nxe6 Re8 31. Nc5 d4 32. Rxh6 Kc7 33. Nd3 Ra8 34. Rh7+ Kc6 35. e6 Rxa2 36. e7 Kd7 37. Ne5+ Ke8 38. Nc6 d3 39. Rh6 Ra6 40. Rd6 Rxc6 41. Rxc6 d2 42. Rd6 Kxe7 43. Rd3 Ke6 44. Kf1 Ke5 45. f3 1-0

[Event "Kragero Resort International 2022"]
[Site "Kragero"]
[Date "2022.02.23"]
[Round "2.6"]
[White "Dyrnes, Jussi"]
[Black "Stenseng, Benjamin"]
[Result "0-1"]
[ECO "A48"]
[WhiteElo "1764"]
[BlackElo "1578"]
[Annotator "NA RC"]
[PlyCount "84"]
[EventDate "2022.02.23"]
[EventType "swiss"]
[EventCountry "NOR"]
[SourceTitle "playchess.com"]
[Source "ChessBase"]
[SourceQuality "1"]
[TimeControl "5400+30"]

1. d4 Nf6 2. Nf3 g6 3. c3 Bg7 4. Qc2 d5 5. e3 O-O 6. Bd3 Nbd7 7. Nbd2 c5 8. b3 Re8 9. O-O e5 10. e4 cxd4 11. cxd4 exd4 12. exd5 Nxd5 13. Ne4 Nb4 14. Qc4 Nxd3 15. Qxd3 Ne5 16. Nxe5 Rxe5 17. f4 Rxe4 18. Qxe4 d3 19. Rb1 d2 20. Bxd2 Bf5 21. Qxb7 Rb8 22. Qxb8 Qxb8 23. Rbe1 h6 24. Be3 a5 25. Bc5 Qb5 26. Rc1 Bb2 27. a4 Qc6 28. Be3 Bxc1 29. Rxc1 Qe4 30. Kf2 Qb4 31. Rd1 g5 32. Rd8+ Kh7 33. fxg5 Qh4+ 34. Ke2 hxg5 35. h3 Qg3 36. Bf2 Qxg2 37. Rd4 Qxh3 38. b4 axb4 39. a5 Qa3 40. Be1 b3 41. Rd5 Bg4+ 42. Kf2 b2 0-1

[Event "Kragero Resort International 2022"]
[Site "Kragero"]
[Date "2022.02.23"]
[Round "2.7"]
[White "Gharibyan, Mane"]
[Black "Helland, Phillip"]
[Result "1-0"]
[ECO "B03"]
[WhiteElo "1592"]
[BlackElo "1760"]
[Annotator "NA RC"]
[PlyCount "65"]
[EventDate "2022.02.23"]
[EventType "swiss"]
[EventCountry "NOR"]
[SourceTitle "playchess.com"]
[Source "ChessBase"]
[SourceQuality "1"]
[TimeControl "5400+30"]

1. e4 Nf6 2. e5 Nd5 3. c4 Nb6 4. d4 d6 5. exd6 exd6 6. Bd3 Be7 7. Nc3 O-O 8. Be3 Bf6 9. Nge2 Nc6 10. b3 g6 11. O-O Bg7 12. Rc1 Re8 13. Qd2 Bg4 14. f3 Qe7 15. Bg5 f6 16. Bh4 Bc8 17. Bf2 Qf8 18. c5 Bh6 19. f4 Nd7 20. Nd5 Qf7 21. Nxc7 Nxc5 22. Bc4 d5 23. Bxd5 Be6 24. Bxe6 Nxe6 25. Nxe8 Qxe8 26. Be3 Ne7 27. d5 Rd8 28. Nc3 Nc7 29. d6 Nf5 30. Bc5 Qc6 31. Ba3 Nxd6 32. Na4 Qd7 33. Qxd6 1-0

[Event "Kragero Resort International 2022"]
[Site "Kragero"]
[Date "2022.02.23"]
[Round "2.8"]
[White "Strand, Amund Pihl"]
[Black "Alvanjyan, Aida"]
[Result "1/2-1/2"]
[ECO "A17"]
[WhiteElo "1748"]
[BlackElo "1566"]
[Annotator "NA RC"]
[PlyCount "82"]
[EventDate "2022.02.23"]
[EventType "swiss"]
[EventCountry "NOR"]
[SourceTitle "playchess.com"]
[Source "ChessBase"]
[SourceQuality "1"]
[TimeControl "5400+30"]

1. c4 e6 2. Nc3 d5 3. e3 Nf6 4. Nf3 Bd6 5. b3 c5 6. Be2 Nc6 7. O-O O-O 8. cxd5 Nxd5 9. Bb2 Re8 10. Rc1 Nxc3 11. Rxc3 Nb4 12. Qa1 Bf8 13. Rd1 Qa5 14. a3 Nd5 15. Rc4 f6 16. d4 b5 17. Rcc1 Qb6 18. dxc5 Bxc5 19. b4 Bf8 20. Bd4 Qb8 21. Nd2 a5 22. bxa5 Rxa5 23. Bc5 b4 24. Bxf8 Rxf8 25. Nc4 Ra8 26. Bf3 Ba6 27. Rxd5 Bxc4 28. Rd4 Rxa3 29. Qb2 Rb3 30. Qa2 Rc3 31. Rxc4 b3 32. Qb2 Rxc4 33. Rxc4 Qb5 34. Rc3 Qa5 35. Bd1 Rb8 36. g3 Qa2 37. Qxa2 bxa2 38. Ra3 Rb1 39. Rxa2 Rxd1+ 40. Kg2 Kf7 41. Ra7+ Kg6 1/2-1/2

[Event "Kragero Resort International 2022"]
[Site "Kragero"]
[Date "2022.02.24"]
[Round "3.1"]
[White "Engeset, Audun"]
[Black "Skarphedinsson, Ingvar Wu"]
[Result "1-0"]
[ECO "C11"]
[WhiteElo "1823"]
[BlackElo "1664"]
[Annotator "NA RC"]
[PlyCount "89"]
[EventDate "2022.02.23"]
[EventType "swiss"]
[EventCountry "NOR"]
[SourceTitle "playchess.com"]
[Source "ChessBase"]
[SourceQuality "1"]
[TimeControl "5400+30"]

1. e4 e6 2. d4 d5 3. Nc3 Nf6 4. e5 Nfd7 5. f4 c5 6. Nf3 Nc6 7. Be3 a6 8. Qd2 b5 9. Be2 Qb6 10. O-O Bb7 11. dxc5 (11. Nd1 $11) 11... Bxc5 12. Bxc5 Nxc5 13. Qe3 b4 (13... Rd8 $5 14. Rad1 b4 $15) 14. Nd1 Na4 ({Black should try} 14... a5 $11) 15. Qxb6 $1 Nxb6 16. a3 a5 17. axb4 (17. Bb5 $14) 17... axb4 (17... Nxb4 $11 {remains equal.} 18. Nd4 Ke7) 18. Rxa8+ Bxa8 19. Ne3 (19. Bb5 $16) 19... O-O 20. Ra1 Bb7 21. Bb5 Ra8 22. Rxa8+ Nxa8 23. Bxc6 Bxc6 24. Nd4 Bd7 25. Kf2 Kf8 26. Ke1 Ke7 27. Kd2 Nc7 28. Nd1 f6 29. Nf2 fxe5 30. fxe5 Na6 31. Nd3 g5 32. g3 Kf7 33. Ke3 (33. b3 $18) 33... h5 34. h4 Kg6 35. Kd2 gxh4 36. gxh4 Kh6 37. Ke3 Bc8 38. Nc6 Bd7 39. Ncxb4 Nxb4 40. Nxb4 Kg6 $18 41. Kf4 Ba4 42. b3 Bb5 43. Nd3 d4 44. Nc5 Bc6 45. Nxe6 1-0

[Event "Kragero Resort International 2022"]
[Site "Kragero"]
[Date "2022.02.24"]
[Round "3.2"]
[White "Stenseng, Benjamin"]
[Black "Haug, Havard"]
[Result "0-1"]
[ECO "A05"]
[WhiteElo "1578"]
[BlackElo "1801"]
[Annotator "NA RC"]
[PlyCount "88"]
[EventDate "2022.02.23"]
[EventType "swiss"]
[EventCountry "NOR"]
[SourceTitle "playchess.com"]
[Source "ChessBase"]
[SourceQuality "1"]
[TimeControl "5400+30"]

1. Nf3 Nf6 2. b3 d6 3. Bb2 e5 4. c4 Nc6 5. d3 e4 6. dxe4 Nxe4 7. Nc3 Nf6 8. e3 Be7 9. Bd3 Ne5 10. Be2 O-O 11. Qc2 Qd7 12. O-O-O Qf5 {[%emt 0:07:14] [#]} 13. e4 $1 Qf4+ $16 14. Kb1 Nxf3 15. Bxf3 c6 16. Ne2 Qg5 17. h4 Qa5 18. Nd4 Bd7 19. Nf5 Bxf5 20. exf5 d5 21. g4 dxc4 22. Qxc4 Rad8 23. Qc2 Rxd1+ 24. Rxd1 Rd8 25. Rxd8+ Bxd8 26. Qe2 Qc5 27. g5 Qxf5+ 28. Ka1 Nd7 29. Qe8+ Nf8 30. Ba3 c5 31. Bxb7 Ba5 32. Qe3 Ne6 33. Bc8 Bb6 34. Qe2 Bc7 35. Qe3 Bb6 36. Qe2 Qd5 37. Ba6 Qh1+ 38. Kb2 Qxh4 39. Bc4 Qxg5 40. Kb1 h5 41. Bc1 Qg4 42. f3 Qg1 43. Qe5 Qg6+ 44. Bd3 Qxd3+ 0-1

[Event "Kragero Resort International 2022"]
[Site "Kragero"]
[Date "2022.02.24"]
[Round "3.4"]
[White "Dahli, Vincent"]
[Black "Gharibyan, Mane"]
[Result "1-0"]
[ECO "E16"]
[WhiteElo "1714"]
[BlackElo "1592"]
[Annotator "NA RC"]
[PlyCount "59"]
[EventDate "2022.02.23"]
[EventType "swiss"]
[EventCountry "NOR"]
[SourceTitle "playchess.com"]
[Source "ChessBase"]
[SourceQuality "1"]
[TimeControl "5400+30"]

1. d4 Nf6 2. c4 e6 3. g3 d5 4. Bg2 Bb4+ 5. Bd2 Bxd2+ 6. Nxd2 O-O 7. Ngf3 b6 8. O-O Bb7 9. Rc1 Nbd7 10. Qc2 c5 11. Rfd1 Rc8 12. dxc5 bxc5 13. Qa4 Qb6 14. cxd5 exd5 15. b3 Rfe8 16. e4 Bc6 17. Qa3 Nxe4 18. Nxe4 Rxe4 19. Nh4 Re5 20. Re1 Rce8 21. Rxe5 Rxe5 22. b4 cxb4 23. Qb2 Re8 24. Nf5 Ne5 25. h3 f6 26. Qc2 Nc4 27. Qd3 Qb5 28. Nd4 Qb6 29. Nxc6 Qxc6 30. Bxd5+ 1-0

[Event "Kragero Resort International 2022"]
[Site "Kragero"]
[Date "2022.02.24"]
[Round "3.5"]
[White "Stromhaug, Kristoffer Wang"]
[Black "Omarsson, Adam"]
[Result "0-1"]
[ECO "C41"]
[WhiteElo "1694"]
[BlackElo "1546"]
[Annotator "NA RC"]
[PlyCount "56"]
[EventDate "2022.02.23"]
[EventType "swiss"]
[EventCountry "NOR"]
[SourceTitle "playchess.com"]
[Source "ChessBase"]
[SourceQuality "1"]
[TimeControl "5400+30"]

1. e4 g6 2. d4 Bg7 3. Nc3 d6 4. Be3 Nf6 5. f3 O-O 6. Nge2 e5 7. Qd2 exd4 8. Nxd4 a6 9. O-O-O b5 10. Bh6 b4 11. Nd5 c5 12. Nb3 Bxh6 13. Qxh6 Nxd5 14. exd5 a5 15. h4 a4 16. h5 Ra7 17. Nd2 a3 18. b3 Bf5 19. g4 Qf6 20. Ne4 Bxe4 21. fxe4 Qb2+ 22. Kd2 Qc3+ 23. Kc1 Qa1+ 24. Kd2 Qxa2 25. e5 Qb2 26. e6 Qc3+ 27. Ke2 Qxc2+ 28. Kf3 Qxd1+ 0-1

[Event "Kragero Resort International 2022"]
[Site "Kragero"]
[Date "2022.02.24"]
[Round "3.6"]
[White "Lien, Sebastian"]
[Black "Stolp, Aleksander"]
[Result "1/2-1/2"]
[ECO "D36"]
[WhiteElo "1532"]
[BlackElo "1680"]
[Annotator "NA RC"]
[PlyCount "31"]
[EventDate "2022.02.23"]
[EventType "swiss"]
[EventCountry "NOR"]
[SourceTitle "playchess.com"]
[Source "ChessBase"]
[SourceQuality "1"]
[TimeControl "5400+30"]

1. d4 Nf6 2. c4 e6 3. Nf3 d5 4. Bg5 Be7 5. e3 O-O 6. Nc3 Nbd7 7. cxd5 exd5 8. Bd3 c6 9. O-O Ne4 10. Bxe7 Qxe7 11. Qc2 Re8 12. b4 Ndf6 13. a3 Bf5 14. Ne5 Bg6 15. Nxg6 hxg6 16. Bxe4 1/2-1/2

[Event "Kragero Resort International 2022"]
[Site "Kragero"]
[Date "2022.02.24"]
[Round "3.7"]
[White "Abdrlauf, Elham"]
[Black "Chatalbashev, Boris"]
[Result "1/2-1/2"]
[ECO "B77"]
[WhiteElo "2343"]
[BlackElo "2515"]
[Annotator "RC"]
[PlyCount "91"]
[EventDate "2022.02.23"]
[EventType "swiss"]
[EventCountry "NOR"]
[SourceTitle "playchess.com"]
[Source "ChessBase"]
[SourceQuality "1"]
[TimeControl "5400+30"]

1. e4 c5 2. Nf3 Nc6 3. d4 cxd4 4. Nxd4 g6 5. Nc3 Bg7 6. Be3 Nf6 7. Bc4 O-O 8. Bb3 d6 9. f3 Bd7 10. Qd2 Nxd4 11. Bxd4 b5 12. Nd5 Nxd5 13. exd5 Qc7 14. O-O Bxd4+ 15. Qxd4 a5 16. c3 a4 17. Bd1 a3 18. b4 Rfc8 19. Rc1 Qa7 20. Be2 Qxd4+ 21. cxd4 Ra4 22. Rxc8+ Bxc8 23. Rb1 Bf5 24. Rb3 Bc2 25. Rc3 Bb1 26. Bxb5 Rxb4 27. Bc4 g5 28. Bb3 Kg7 29. Rc4 Rb7 30. Ra4 Kf6 31. Kf1 h5 32. Rxa3 Rb4 33. Ra4 Rxa4 34. Bxa4 Bxa2 35. Bc6 h4 36. Kf2 Bb3 37. Ke3 Kg6 38. g3 f5 39. Be8+ Kf6 40. Bc6 Bd1 41. Bd7 Bb3 42. Bc6 Kg6 43. Be8+ Kg7 44. Bd7 Kf6 45. Bc6 Bc4 46. Bb7 1/2-1/2